[Event "Titled Tuesday Blitz December 20 Late 2022"]
[White "Poliakova, Varvara"]
[Black "Zakhartsov, Vladimir"]
[WhiteFideId "13518313"]
[BlackFideId "4145097"]
[WhiteElo "2075"]
[BlackElo "2535"]
[Result "0-1"]
[Round "08"]
[TimeControl "180+1"]
[Date "2022.12.20"]
[WhiteClock "0:00:02"]
[BlackClock "0:00:04"]

1. e4 c5 2. Nf3 Nc6 3. d4 cxd4 4. Nxd4 Nf6 5. Nc3 e6 6. Ndb5 Bc5 7. Bf4 O-O 8. Bd6 Bxd6 9. Nxd6 a6 10. a4 Qb6 11. Nc4 Qc5 12. Qd6 Qg5 13. Qd2 Qg6 14. Bd3 e5 15. Nd6 Ne8 16. Nf5 d6 17. O-O-O Be6 18. Nd5 Kh8 19. h4 h6 20. g4 b5 21. g5 h5 22. Nfe7 Nxe7 23. Nxe7 Qh7 24. Rdg1 g6 25. f4 exf4 26. Qxf4 bxa4 27. e5 dxe5 28. Qxe5+ Qg7 29. Nc6 Qxe5 30. Nxe5 Nd6 31. Rf1 Rfc8 32. Rf6 Ne8 33. Nxf7+ Bxf7 34. Rxf7 Rab8 35. Re1 Nd6 36. Rd7 Rd8 37. Ree7 Rxd7 38. Rxd7 Nf5 39. Bxf5 gxf5 40. Rd4 Rf8 41. Rf4 Kg7 42. Kd2 Kg6 43. Ke3 Re8+ 44. Kf3 Rb8 45. Rxa4 Rxb2 46. Rxa6+ Kg7 47. Rc6 Rb4 48. c4 Rb1 49. Kf4 Rf1+ 50. Ke5 f4 51. Rc7+ Kg6 52. Rc6+ Kg7 53. Rf6 f3 54. Kd5 f2 55. Kc5 Rh1 56. Rxf2 Rxh4 57. Kb5 Kg6 58. c5 Rh1 59. Rc2 Rf1 60. c6 Rf8 61. c7 Rc8 62. Kc6 Kxg5 63. Rg2+ Kf4 64. Kd7 Ra8 65. Rb2 Ra7 66. Kd6 Rxc7 67. Kxc7 h4 68. Kd6 h3 69. Kd5 Kg3 70. Ke4 h2 71. Rb3+ Kg2 72. Rb2+ Kg1 73. Kf3 h1=Q+ 74. Kg3 Qe4 75. Rb3 Qe5+ 76. Kh4 Qf6+ 77. Kg3 Qg5+ 78. Kf3 Qd5+ 0-1


[Site "https://www.chess.com"]

[Event "Titled Tuesday Blitz December 20 Late 2022"]
[White "Przybylski, Wojciech"]
[Black "Hambleton, Aman"]
[WhiteFideId "1117599"]
[BlackFideId "2606577"]
[WhiteElo "2217"]
[BlackElo "2538"]
[Result "1/2-1/2"]
[Round "08"]
[TimeControl "180+1"]
[Date "2022.12.21"]
[WhiteClock "0:01:17"]
[BlackClock "0:00:02"]

1. e4 e6 2. d4 d5 3. Nc3 Bb4 4. a3 Bxc3+ 5. bxc3 dxe4 6. Qg4 Nf6 7. Qxg7 Rg8 8. Qh6 b6 9. Ne2 Ba6 10. Qe3 Nc6 11. h3 Na5 12. Ng3 Bxf1 13. Rxf1 Qd5 14. Qf4 Rg6 15. f3 exf3 16. Rxf3 O-O-O 17. Kf2 Rdg8 18. Qe5 Rxg3 19. Qxd5 Rxg2+ 20. Ke3 Nxd5+ 21. Kd3 R8g3 22. Rxg3 Rxg3+ 23. Ke2 Nxc3+ 24. Kf2 Ne4+ 25. Kf1 Rxh3 26. Kg2 Rg3+ 27. Kh2 Rc3 28. Bf4 Rxc2+ 29. Kh3 Nb3 30. Re1 f5 31. Rg1 Nxd4 32. Rg8+ Kb7 33. Rg7 h5 34. Kh4 Nf3+ 35. Kxh5 e5 36. Rf7 exf4 37. Rxf5 Rh2+ 38. Kg4 Nd6 39. Rxf4 Ne5+ 40. Kg3 Rh6 41. Rf8 Rg6+ 42. Kf2 Rf6+ 43. Rxf6 Ne4+ 44. Ke3 Nxf6 45. Kf4 Kc6 46. Kf5 Kb5 47. Ke6 Ka4 48. Kf5 Kxa3 49. Kf4 c5 50. Ke3 b5 51. Kd2 b4 52. Kc2 c4 53. Kb1 Nd5 54. Ka1 b3 55. Kb1 c3 56. Ka1 a5 57. Kb1 Kb4 58. Ka1 a4 59. Kb1 a3 60. Ka1 Kc4 61. Kb1 Kd3 62. Ka1 Ne3 63. Kb1 Nc2 64. Kc1 Nc4 65. Kd1 Nd2 66. Kc1 Nc4 67. Kd1 a2 68. Kc1 b2+ 69. Kd1 N2e3+ 70. Ke1 c2 71. Kf2 c1=N 72. Kf3 b1=N 73. Kg3 a1=N 74. Kf3 Nab3 75. Kf2 Nc3 76. Kf3 Nbd2+ 77. Kg3 N1e2+ 78. Kf2 Nd4 79. Ke1 Nec2+ 80. Kf2 Ke4 81. Kg3 N4e3 82. Kf2 Nb4 83. Ke1 Nd3+ 84. Kxd2 Ncd5 1/2-1/2


[Site "https://www.chess.com"]

[Event "Titled Tuesday Blitz December 20 Late 2022"]
[White "Radovanovic, Dusan"]
[Black "Gerbelli Neto, Eduardo"]
[WhiteFideId "926868"]
[BlackFideId "2103281"]
[WhiteElo "2337"]
[BlackElo "2178"]
[Result "1-0"]
[Round "08"]
[TimeControl "180+1"]
[Date "2022.12.21"]
[WhiteClock "0:00:27"]
[BlackClock "0:00:40"]

1. e4 e5 2. Nf3 Nc6 3. Nc3 Nf6 4. Bb5 Bb4 5. O-O Bxc3 6. bxc3 d6 7. d4 O-O 8. Bg5 Qe7 9. Re1 Nd8 10. Nh4 c5 11. Nf5 Bxf5 12. exf5 a6 13. Bf1 Nc6 14. d5 Nb8 15. f4 Nbd7 16. fxe5 Nxe5 17. a4 Rfe8 18. a5 h6 19. Bh4 Qd7 20. Bxf6 gxf6 21. Qh5 Kh7 22. Re3 Rh8 23. Rb1 Rag8 24. Rh3 Kg7 25. Rb6 Kf8 26. Rg3 Rg5 27. Rxg5 fxg5 28. Bd3 Kg7 29. Be4 Re8 30. f6+ Kxf6 31. Qxh6+ Ng6 32. Bxg6 fxg6 33. Rb1 Re5 34. Qf8+ 1-0


[Site "https://www.chess.com"]

[Event "Titled Tuesday Blitz December 20 Late 2022"]
[White "Rego, Pedro Filipe"]
[Black "Baches Garcia, Guillermo"]
[WhiteFideId "1904310"]
[BlackFideId "2209764"]
[WhiteElo "2193"]
[BlackElo "2480"]
[Result "1-0"]
[Round "08"]
[TimeControl "180+1"]
[Date "2022.12.21"]
[WhiteClock "0:00:49"]
[BlackClock "0:00:32"]

1. f4 d5 2. Nf3 c6 3. b3 Nf6 4. Bb2 Qb6 5. e3 Bg4 6. Be2 Nbd7 7. O-O Bxf3 8. Bxf3 e6 9. Qe2 Bd6 10. c4 Bxf4 11. Bd4 c5 12. Bxf6 Bxh2+ 13. Kxh2 Nxf6 14. cxd5 exd5 15. Nc3 Rd8 16. Qb5+ Ke7 17. Qxb6 axb6 18. Rae1 Rhe8 19. e4 d4 20. Nd5+ Nxd5 21. exd5+ Kd6 22. a4 f5 23. Kg3 g5 24. Bh5 f4+ 25. Kg4 Rxe1 26. Rxe1 Kxd5 27. Kxg5 d3 28. Kxf4 Rf8+ 29. Ke3 c4 30. bxc4+ Kxc4 31. Rb1 Rf5 32. Bf3 Re5+ 33. Be4 h5 34. Rxb6 h4 35. Rxb7 1-0


[Site "https://www.chess.com"]

[Event "Titled Tuesday Blitz December 20 Late 2022"]
[White "Rian, Kapriaga"]
[Black "Gasparyan, David"]
[WhiteFideId "7103263"]
[BlackFideId "13311980"]
[WhiteElo "2342"]
[BlackElo "2446"]
[Result "0-1"]
[Round "08"]
[TimeControl "180+1"]
[Date "2022.12.21"]
[WhiteClock "0:00:01"]
[BlackClock "0:00:16"]

1. d4 Nf6 2. Nf3 d5 3. Bf4 Bf5 4. e3 e6 5. Bd3 Bg6 6. O-O Bd6 7. Ne5 O-O 8. Nd2 Nc6 9. Qe2 Nh5 10. Nxg6 hxg6 11. Bxd6 cxd6 12. f4 Nf6 13. c3 e5 14. fxe5 dxe5 15. Bb5 Re8 16. Bxc6 bxc6 17. Qa6 Qd6 18. Nf3 Ng4 19. h3 Nxe3 20. Nxe5 Nxf1 21. Rxf1 Re7 22. Qxc6 Qxc6 23. Nxc6 Re2 24. Rf2 Rae8 25. Nxa7 Re1+ 26. Kh2 R8e2 27. Kg3 Rxf2 28. Kxf2 Rb1 29. b4 Rb2+ 30. Ke3 Rxg2 31. a4 Rg3+ 32. Kd2 Rxh3 33. a5 Rh2+ 34. Kd3 g5 35. Nc6 g4 36. a6 g3 37. a7 Ra2 38. Na5 g2 39. a8=Q+ Kh7 40. Qxd5 g1=Q 41. Qxa2 Qg6+ 42. Kd2 Qg2+ 43. Kd3 Qxa2 44. Nc4 Qa6 45. d5 g5 46. d6 g4 47. d7 Qf6 48. Ne5 Qe7 49. Nxg4 Qxd7+ 50. Kc4 Qxg4+ 51. Kb5 Qd7+ 0-1


[Site "https://www.chess.com"]

[Event "Titled Tuesday Blitz December 20 Late 2022"]
[White "Rodriguez Santiago, Jaime"]
[Black "Figorito, Nick"]
[WhiteFideId "3100898"]
[BlackFideId "30923689"]
[WhiteElo "2025"]
[BlackElo "2408"]
[Result "0-1"]
[Round "08"]
[TimeControl "180+1"]
[Date "2022.12.21"]
[WhiteClock "0:00:31"]
[BlackClock "0:00:47"]

1. c4 c6 2. d4 d5 3. cxd5 cxd5 4. Bf4 Nf6 5. e3 g6 6. Nc3 Bg7 7. Bd3 O-O 8. h3 Nc6 9. a3 Qb6 10. Qc2 Be6 11. Nf3 Rac8 12. Qe2 Na5 13. Ne5 Nc4 14. Bxc4 dxc4 15. O-O Nd7 16. Nxd7 Bxd7 17. Nd5 Qd8 18. Bg5 f6 19. Bh4 Bxh3 20. Nxe7+ Qxe7 21. gxh3 Qe4 22. Bg3 f5 23. Rfc1 f4 24. Bh2 Bxd4 25. Rxc4 fxe3 26. Rxc8 exf2+ 0-1


[Site "https://www.chess.com"]

[Event "Titled Tuesday Blitz December 20 Late 2022"]
[White "Roman, Rodrigo"]
[Black "Vega Gutierrez, Sabrina"]
[WhiteFideId "3701220"]
[BlackFideId "2219026"]
[WhiteElo "1995"]
[BlackElo "2261"]
[Result "0-1"]
[Round "08"]
[TimeControl "180+1"]
[Date "2022.12.21"]
[WhiteClock "0:00:08"]
[BlackClock "0:00:07"]

1. d4 d5 2. Nf3 e6 3. e3 Nf6 4. b3 c5 5. Bb2 Nc6 6. Nbd2 cxd4 7. exd4 Bd6 8. Ne5 Qc7 9. a3 Nxe5 10. dxe5 Bxe5 11. Bxe5 Qxe5+ 12. Be2 O-O 13. O-O Bd7 14. Nf3 Qc3 15. Qd4 Ne4 16. Bd3 Qxd4 17. Nxd4 Nc3 18. Rfe1 Rac8 19. f4 Rfe8 20. Kf2 g6 21. h4 h5 22. a4 Kg7 23. Nf3 f6 24. Re3 a6 25. Ke1 b5 26. axb5 Bxb5 27. Kd2 Bxd3 28. Kxd3 Ne4 29. Ne1 Rc6 30. Ke2 Rec8 31. Ra5 Kf7 32. c4 Nc5 33. cxd5 exd5 34. b4 d4 35. Rea3 Ne6 36. g3 Rc3 37. Rxa6 Ng7 38. Ra7+ Kg8 39. Nd3 Nf5 40. Kf3 Re8 41. Rxc3 dxc3 42. Rd7 Re3+ 43. Kf2 c2 44. Nc1 Rxg3 45. Rc7 Rg4 46. Kf3 Rxh4 47. Rxc2 Nd4+ 48. Ke4 Nxc2 49. b5 Nb4 50. b6 Na6 51. Nd3 g5 52. b7 Rg4 53. Kd5 gxf4 54. Kc6 f3 55. Kb6 Nb8 56. Kc7 Rd4 57. Nc5 Rc4 58. Kd6 Rxc5 59. Kxc5 f2 60. Kb6 f1=Q 61. Ka7 Nc6+ 62. Kb6 Qf3 63. Kc7 Qd5 64. Kb6 Qd6 65. Ka6 Qb8 66. Kb6 Nd8 67. Ka5 Qxb7 68. Ka4 Nc6 69. Ka3 Qb4+ 70. Ka2 Nd4 71. Ka1 Ne2 72. Ka2 Nc3+ 73. Ka1 Qb1# 0-1


[Site "https://www.chess.com"]

[Event "Titled Tuesday Blitz December 20 Late 2022"]
[White "Rorrer, Grayson"]
[Black "Renjith, Sravan"]
[WhiteFideId "30944996"]
[BlackFideId "4306783"]
[WhiteElo "2200"]
[BlackElo "2072"]
[Result "1-0"]
[Round "08"]
[TimeControl "180+1"]
[Date "2022.12.21"]
[WhiteClock "0:01:20"]
[BlackClock "0:00:19"]

1. e4 e5 2. Nc3 Nf6 3. d4 exd4 4. Qxd4 Nc6 5. Qd3 Bb4 6. Bd2 O-O 7. O-O-O Re8 8. Nge2 Ne5 9. Qg3 d6 10. Bg5 h6 11. Bxf6 Qxf6 12. Nd5 Qe6 13. Nxb4 a5 14. Nd4 Qd7 15. Nd5 Kh8 16. Nf5 Ng6 17. Qc3 f6 18. Nxc7 Rxe4 19. Nxa8 Qxf5 20. Bd3 Qg5+ 21. Kb1 Re8 22. g3 Bg4 23. f4 Qh5 24. Nc7 Rc8 25. Rde1 Nf8 26. h3 Bd7 27. g4 Qf7 28. Bc4 Qg6 29. Nd5 Qh7 30. Ne7 Rc5 31. Qd3 g6 32. Bb3 Qg7 33. Qxd6 Rb5 34. Nd5 Bc6 35. Re7 1-0


[Site "https://www.chess.com"]

[Event "Titled Tuesday Blitz December 20 Late 2022"]
[White "Rosenberg, Evan S"]
[Black "Dias, Joao Batista"]
[WhiteFideId "2019299"]
[BlackFideId "2108240"]
[WhiteElo "2411"]
[BlackElo "1898"]
[Result "1-0"]
[Round "08"]
[TimeControl "180+1"]
[Date "2022.12.21"]
[WhiteClock "0:01:22"]
[BlackClock "0:02:11"]

1. d4 d5 2. Nf3 c6 3. c3 g6 4. Bf4 Bg7 5. h3 Nf6 6. Nbd2 O-O 7. Qc2 Re8 8. e4 dxe4 9. Nxe4 Nxe4 10. Qxe4 Bf5 11. Qe3 Nd7 12. Ne5 Nxe5 13. Bxe5 f6 14. Bc4+ Kh8 15. Bh2 e5 16. O-O-O exd4 17. Qxd4 Qxd4 18. Rxd4 Rad8 19. Rxd8 Rxd8 20. Re1 Bh6+ 21. f4 g5 22. g4 Bd3 23. Rd1 gxf4 24. Rxd3 Rxd3 25. Bxd3 f3+ 26. Kd1 Kg7 27. Bg1 1-0


[Site "https://www.chess.com"]

[Event "Titled Tuesday Blitz December 20 Late 2022"]
[White "Sanchez Alvares, Kelvin Antonio"]
[Black "Ardila, Oscar Humberto"]
[WhiteFideId "3906680"]
[BlackFideId "4404742"]
[WhiteElo "2217"]
[BlackElo "1961"]
[Result "1-0"]
[Round "08"]
[TimeControl "180+1"]
[Date "2022.12.21"]
[WhiteClock "0:01:07"]
[BlackClock "0:00:03"]

1. e4 e5 2. Nf3 Nc6 3. Bb5 a6 4. Ba4 Nf6 5. O-O b5 6. Bb3 Be7 7. Re1 O-O 8. a4 Rb8 9. axb5 axb5 10. d3 d6 11. Nc3 Bg4 12. Be3 Nd4 13. Bxd4 exd4 14. Nd5 Nxd5 15. Bxd5 c5 16. h3 Bh5 17. g4 Bg6 18. Kg2 h5 19. Nd2 hxg4 20. hxg4 Bg5 21. Nf3 Bf4 22. Rh1 Qf6 23. Qe2 Rfc8 24. b3 Be5 25. Rh4 c4 26. Rah1 Kf8 27. Rh8+ Ke7 28. g5 Qf4 29. R8h4 cxd3 30. cxd3 Qxh4 31. Rxh4 Rd8 32. Nd2 Rdc8 33. f4 Rc2 34. fxe5 dxe5 35. Qd1 Rbc8 36. Rh1 R8c3 37. Kf2 Rb2 38. Kg3 Rxd3+ 39. Nf3 Rxd1 40. Rxd1 f6 41. gxf6+ gxf6 42. Rc1 Be8 43. Nh4 Kd6 44. Nf5+ Kd7 45. Bc6+ Kd8 46. Bd5 d3 47. Rd1 d2 48. Ne3 Bh5 49. Rh1 Be2 50. Rh2 d1=Q 51. Nxd1 Rd2 52. Ne3 Kc7 53. Rf2 Kd6 54. Nf5+ Kc5 55. Kg2 Kb4 56. Ng3 1-0


[Site "https://www.chess.com"]

[Event "Titled Tuesday Blitz December 20 Late 2022"]
[White "Sebag, Marie"]
[Black "Goltsev, Dmitry"]
[WhiteFideId "617822"]
[BlackFideId "24176710"]
[WhiteElo "2440"]
[BlackElo "2327"]
[Result "0-1"]
[Round "08"]
[TimeControl "180+1"]
[Date "2022.12.20"]
[WhiteClock "0:00:02"]
[BlackClock "0:00:27"]

1. c4 Nf6 2. Nc3 e5 3. g3 g6 4. Bg2 Bg7 5. d3 O-O 6. Nf3 d6 7. O-O Nc6 8. Rb1 a5 9. a3 Bd7 10. b4 axb4 11. axb4 h6 12. b5 Nd4 13. e3 Nxf3+ 14. Bxf3 c6 15. Bb2 Ne8 16. Qb3 Nc7 17. Bg2 Ne6 18. Ba3 Qc7 19. Ne4 c5 20. b6 Qb8 21. Nc3 Bc6 22. Nd5 Kh7 23. Bb2 f5 24. f4 exf4 25. gxf4 Qd8 26. Ra1 Qh4 27. Bxg7 Kxg7 28. Qb2+ Kf7 29. Nc7 Nxc7 30. bxc7 Qg4 31. Rf2 Rxa1+ 32. Qxa1 Rc8 33. d4 Bxg2 34. Rxg2 Qf3 35. dxc5 Qxe3+ 36. Kh1 Qxc5 37. Qe1 Qxc4 38. Qg3 Qe6 39. Qc3 Qe4 40. Kg1 Qxf4 41. Rc2 Qe5 42. Qb3+ Kg7 43. Qxb7 Qe1+ 44. Kg2 Qe4+ 45. Qxe4 fxe4 46. Kg3 Kf6 47. Kf4 Ke6 48. Kxe4 Kd7 49. Rg2 g5 50. h4 gxh4 51. Rh2 Rxc7 52. Kd5 Ra7 53. Rxh4 Ra5+ 54. Kd4 Ra4+ 55. Kd5 Ra5+ 56. Kd4 h5 0-1


[Site "https://www.chess.com"]

[Event "Titled Tuesday Blitz December 20 Late 2022"]
[White "Shoker, Samy"]
[Black "ChessBrah"]
[WhiteFideId "627143"]
[WhiteElo "2493"]
[BlackElo "2888"]
[Result "0-1"]
[Round "08"]
[TimeControl "180+1"]
[Date "2022.12.21"]
[WhiteClock "0:00:02"]
[BlackClock "0:00:48"]

1. Nf3 d5 2. g3 Nf6 3. c4 c6 4. Bg2 e6 5. b3 Nbd7 6. O-O Bd6 7. Bb2 O-O 8. d3 a5 9. a3 e5 10. Nc3 d4 11. Nb1 Re8 12. Nbd2 c5 13. Re1 h6 14. e3 Rb8 15. Qc2 b6 16. exd4 cxd4 17. Nh4 Qc7 18. Ne4 Nxe4 19. Bxe4 Nf6 20. Bg2 Bb7 21. Nf5 Bf8 22. Bxb7 Qxb7 23. Re2 b5 24. c5 Qc8 25. Nd6 Bxd6 26. cxd6 Qd7 27. Qc7 Rbc8 28. Qxa5 Rc5 29. a4 Rd5 30. Ba3 e4 31. dxe4 d3 32. Re3 Rh5 33. h4 Qh3 34. d7 Ng4 35. dxe8=Q+ Kh7 36. Qad8 Qh2+ 37. Kf1 Qh1# 0-1


[Site "https://www.chess.com"]

[Event "Titled Tuesday Blitz December 20 Late 2022"]
[White "Shuvalova, Polina"]
[Black "Rangel, Daniel"]
[WhiteFideId "24171760"]
[BlackFideId "2124475"]
[WhiteElo "2361"]
[BlackElo "2225"]
[Result "1-0"]
[Round "08"]
[TimeControl "180+1"]
[Date "2022.12.21"]
[WhiteClock "0:01:11"]
[BlackClock "0:00:08"]

1. d4 d5 2. Nf3 c6 3. Bf4 g6 4. e3 Bg7 5. Nbd2 Nf6 6. h4 Bg4 7. Be2 O-O 8. Ne5 Bxe2 9. Qxe2 Nbd7 10. g4 c5 11. c3 b5 12. h5 b4 13. h6 Bh8 14. Nc6 Qe8 15. cxb4 cxb4 16. g5 Nh5 17. Nf3 Nxf4 18. exf4 e6 19. O-O a5 20. Rac1 Nb6 21. b3 Nd7 22. Rfe1 a4 23. Nxb4 axb3 24. axb3 Rb8 25. Nc6 Rxb3 26. Nce5 Nb6 27. Rb1 Qa4 28. Nc6 Re8 29. Rxb3 Qxb3 30. Nfe5 Nc4 31. Rc1 Bxe5 32. Nxe5 Qb2 33. Qxb2 Nxb2 34. Rc7 Rf8 35. Nd7 Kh8 36. Nxf8 1-0


[Site "https://www.chess.com"]

[Event "Titled Tuesday Blitz December 20 Late 2022"]
[White "Solon, Nathan"]
[Black "Ronka, Erik"]
[WhiteFideId "2017229"]
[BlackFideId "505080"]
[WhiteElo "2647"]
[BlackElo "2264"]
[Result "0-1"]
[Round "08"]
[TimeControl "180+1"]
[Date "2022.12.21"]
[WhiteClock "0:00:58"]
[BlackClock "0:01:18"]

1. Nf3 f5 2. g3 Nf6 3. Bg2 d6 4. O-O e5 5. d3 Be7 6. c4 O-O 7. Nc3 Nbd7 8. b4 a5 9. b5 Kh8 10. a4 Qe8 11. Bb2 Qh5 12. Rc1 f4 13. Nd5 Bd8 14. e3 Nxd5 15. cxd5 Nf6 16. Nxe5 dxe5 17. Qxh5 Nxh5 18. Bxe5 f3 19. Bh1 Bh3 20. Rfd1 Rc8 21. Rc4 Nf6 22. Bxf3 Nd7 23. Bf4 g5 24. Bxc7 0-1


[Site "https://www.chess.com"]

[Event "Titled Tuesday Blitz December 20 Late 2022"]
[White "Suder, Jakub"]
[Black "Polster, Christian"]
[WhiteFideId "1195310"]
[BlackFideId "12965081"]
[WhiteElo "2245"]
[BlackElo "2195"]
[Result "0-1"]
[Round "08"]
[TimeControl "180+1"]
[Date "2022.12.21"]
[WhiteClock "0:00:26"]
[BlackClock "0:00:05"]

1. d4 d5 2. c4 e6 3. Nc3 c6 4. e4 dxe4 5. Nxe4 Bb4+ 6. Bd2 Qxd4 7. Bxb4 Qxe4+ 8. Be2 Na6 9. Ba5 b6 10. Qd6 Bd7 11. Rd1 O-O-O 12. Bc3 Nf6 13. Nf3 c5 14. Ne5 Ba4 15. f3 Rxd6 16. fxe4 Bxd1 17. Nxf7 Rd7 18. Nxh8 Bxe2 19. Kxe2 Nxe4 20. Rf1 Nxc3+ 21. bxc3 Nb8 22. Rf8+ Kc7 23. Nf7 Nc6 24. Ng5 h6 25. Nxe6+ Kd6 26. Nf4 Re7+ 27. Kf2 Ne5 28. Rd8+ Kc6 29. Nd5 Rf7+ 30. Kg3 Nxc4 31. Nf4 Nd6 32. Ng6 Ne4+ 33. Kh3 Kc7 34. Ra8 Kb7 35. Re8 Nxc3 36. Ne5 Rc7 37. a3 Nb1 38. Nc4 b5 39. Na5+ Ka6 40. Nb3 Nxa3 41. Re6+ Kb7 42. Na5+ Kc8 43. Re8+ Kd7 44. Rg8 Kd6 45. Rd8+ Ke6 46. Kg4 c4 47. Re8+ Kf7 48. Re3 b4 49. Rf3+ Kg6 50. h4 b3 51. h5+ Kh7 52. Nxc4 Rxc4+ 53. Kh3 Rb4 0-1


[Site "https://www.chess.com"]

[Event "Titled Tuesday Blitz December 20 Late 2022"]
[White "Szyszylo, Rafal"]
[Black "Marchesich, Giovanni"]
[WhiteFideId "1109626"]
[BlackFideId "2824790"]
[WhiteElo "1981"]
[BlackElo "2200"]
[Result "0-1"]
[Round "08"]
[TimeControl "180+1"]
[Date "2022.12.21"]
[WhiteClock "0:00:15"]
[BlackClock "0:00:21"]

1. e4 e5 2. Nf3 d5 3. Nxe5 Bd6 4. d4 dxe4 5. Bc4 Bxe5 6. Qh5 Qe7 7. dxe5 Nc6 8. Bf4 Be6 9. Bb5 Qb4+ 10. Nc3 Qxb2 11. Bxc6+ bxc6 12. O-O Qxc3 13. Qg5 Ne7 14. Qxg7 Rg8 15. Qxh7 O-O-O 16. Bg3 Nf5 17. Rab1 Rh8 18. Qxh8 Rxh8 19. Rfe1 Nxg3 20. h3 Nf5 21. Rxe4 Rg8 22. Reb4 Rg7 23. Rb8+ Kd7 24. Rd1+ Ke7 25. Rdd8 Qe1+ 26. Kh2 Qxe5+ 27. g3 Nxg3 28. Re8+ Kf6 29. Rg8 Nf1+ 30. Kh1 Qh2# 0-1


[Site "https://www.chess.com"]

[Event "Titled Tuesday Blitz December 20 Late 2022"]
[White "Tanenbaum, Zachary"]
[Black "ArchibaldCerveza29"]
[WhiteFideId "2060850"]
[WhiteElo "2175"]
[BlackElo "2445"]
[Result "1-0"]
[Round "08"]
[TimeControl "180+1"]
[Date "2022.12.21"]
[WhiteClock "0:00:02"]
[BlackClock "0:00:01"]

1. e4 e5 2. Nf3 Nc6 3. Bc4 Nf6 4. d4 exd4 5. Ng5 Ne5 6. Bb3 d5 7. exd5 Bd6 8. O-O O-O 9. Qxd4 c5 10. dxc6 h6 11. Rd1 Nxc6 12. Qxd6 Qxd6 13. Rxd6 hxg5 14. Nc3 g4 15. Bg5 Nd7 16. Re1 Nc5 17. Bd5 Nb4 18. a3 Nxc2 19. Re2 Nd4 20. Re7 Be6 21. b4 Ncb3 22. Bxb7 Rab8 23. Rc7 Nf5 24. Rd1 Rfe8 25. Nb5 a5 26. Bc6 Rec8 27. Rxc8+ Rxc8 28. Rd8+ Rxd8 29. Bxd8 axb4 30. axb4 Bc4 31. Nc7 Nfd4 32. Bd7 Ne2+ 33. Kh1 Nd2 34. b5 Ne4 35. Bh4 g5 36. Bg3 f5 37. b6 f4 38. b7 1-0


[Site "https://www.chess.com"]

[Event "Titled Tuesday Blitz December 20 Late 2022"]
[White "Tang, Andrew"]
[Black "Rasulov, Vugar"]
[WhiteFideId "2059630"]
[BlackFideId "13402390"]
[WhiteElo "2582"]
[BlackElo "2509"]
[Result "1-0"]
[Round "08"]
[TimeControl "180+1"]
[Date "2022.12.20"]
[WhiteClock "0:00:16"]
[BlackClock "0:00:22"]

1. d4 c5 2. d5 d6 3. c4 b5 4. cxb5 a6 5. e4 Nf6 6. Nc3 g6 7. Nf3 Bg7 8. a4 O-O 9. Ra3 e6 10. dxe6 Bxe6 11. Be2 axb5 12. Bxb5 Na6 13. Bf4 d5 14. exd5 Nxd5 15. Nxd5 Qxd5 16. Qe2 c4 17. O-O Nc5 18. Ne5 Qd4 19. Bg3 Ne4 20. Nxc4 Bxc4 21. Bxc4 Nd2 22. Rd1 Rfd8 23. Rd3 Qxc4 24. Rxd8+ Rxd8 25. Qxc4 Nxc4 26. Rxd8+ Bf8 27. b3 Na5 28. Bd6 1-0


[Site "https://www.chess.com"]

[Event "Titled Tuesday Blitz December 20 Late 2022"]
[White "Tari, Aryan"]
[Black "Rustemov, Alexander"]
[WhiteFideId "1510045"]
[BlackFideId "4119002"]
[WhiteElo "2620"]
[BlackElo "2891"]
[Result "1-0"]
[Round "08"]
[TimeControl "180+1"]
[Date "2022.12.20"]
[WhiteClock "0:00:05"]
[BlackClock "0:00:07"]

1. e4 e6 2. d4 d5 3. Nc3 dxe4 4. Nxe4 Bd7 5. Nf3 Bc6 6. Ng3 Nd7 7. Bd3 Ngf6 8. O-O Be7 9. Re1 O-O 10. c4 Bb4 11. Rf1 Be7 12. a3 a5 13. Re1 b6 14. Bf4 Bb7 15. Qe2 Re8 16. Rad1 c5 17. dxc5 bxc5 18. Ne5 Qc8 19. Nh5 Nxe5 20. Bxe5 Qc6 21. Nf4 g5 22. Bxf6 Bxf6 23. Qg4 h6 24. h4 Rad8 25. hxg5 hxg5 26. Nh5 Be7 27. Be4 Qc7 28. Qf3 Bxe4 29. Rxe4 Rxd1+ 30. Qxd1 Rd8 31. Qc2 Qd7 32. Ng3 Qd1+ 33. Qxd1 Rxd1+ 34. Kh2 Rb1 35. Re2 Bf6 36. Ne4 Bxb2 37. a4 Bd4 38. Nxg5 Rb4 39. f4 Rxa4 40. f5 exf5 41. Re7 Rxc4 42. Nxf7 Kf8 43. Ra7 a4 44. Kh3 Rc3+ 45. Kh4 a3 46. Nd6 f4 47. Kg5 c4 48. Ra8+ Ke7 49. Nf5+ Ke6 50. Nxd4+ Kd5 51. Nb5 Rc2 52. Nxa3 Rxg2+ 53. Kxf4 Ra2 54. Ra5+ Kc6 55. Ke3 c3 56. Kd3 c2 57. Kd2 Kb7 58. Rb5+ Kc6 59. Rb3 Kc5 60. Nxc2 Kd6 61. Rb5 Kc6 62. Rh5 Kd6 63. Kd3 Ke7 64. Nd4 Ra1 65. Ke4 Re1+ 66. Kd5 Rd1 67. Rh6 Kf7 68. Rb6 Rd2 69. Ke4 Rd1 70. Nf3 Rc1 71. Kf5 Rc5+ 72. Ne5+ Ke7 73. Rb7+ Kd8 74. Ke6 Kc8 75. Rh7 Rc1 76. Kd6 Kb8 77. Nc6+ 1-0


[Site "https://www.chess.com"]

[Event "Titled Tuesday Blitz December 20 Late 2022"]
[White "Tologon tegin, Semetei"]
[Black "Tatarinov, Dmitry"]
[WhiteFideId "13800574"]
[BlackFideId "24160067"]
[WhiteElo "2264"]
[BlackElo "2326"]
[Result "0-1"]
[Round "08"]
[TimeControl "180+1"]
[Date "2022.12.21"]
[WhiteClock "0:00:01"]
[BlackClock "0:00:58"]

1. e4 c5 2. Nf3 d6 3. d4 cxd4 4. Nxd4 Nf6 5. Nc3 a6 6. a3 Bd7 7. Bg5 Nc6 8. Bxf6 gxf6 9. Nb3 h5 10. f4 h4 11. Qd2 Bh6 12. Be2 b5 13. Rf1 b4 14. axb4 Nxb4 15. O-O-O a5 16. Kb1 Rg8 17. Bh5 Kf8 18. Qf2 a4 19. Nd4 a3 20. b3 a2+ 21. Ka1 Qa5 22. e5 dxe5 23. fxe5 Qxe5 24. Bf3 Rc8 25. Kb2 Be3 26. Qxh4 Rxc3 27. Kxc3 Bg4 28. Kxb4 Bxd4 29. Qh6+ Ke8 30. Bc6+ Kd8 31. c3 Bxd1 32. Rxd1 Qc5+ 33. Ka4 Qxc6+ 34. Ka3 Qc5+ 35. Ka4 Kc7 0-1


[Site "https://www.chess.com"]

[Event "Titled Tuesday Blitz December 20 Late 2022"]
[White "Torres Dominguez, David"]
[Black "Bryant, Todd"]
[WhiteFideId "2220857"]
[BlackFideId "2031299"]
[WhiteElo "2037"]
[BlackElo "2338"]
[Result "1-0"]
[Round "08"]
[TimeControl "180+1"]
[Date "2022.12.21"]
[WhiteClock "0:01:15"]
[BlackClock "0:00:13"]

1. e4 c5 2. Nf3 d6 3. d4 cxd4 4. Nxd4 Nf6 5. Nc3 g6 6. Be3 Bg7 7. f3 O-O 8. Qd2 Nc6 9. O-O-O Bd7 10. h4 Rc8 11. h5 Nxh5 12. Nxc6 bxc6 13. Bh6 Bxh6 14. Qxh6 Nf6 15. e5 dxe5 16. Ne4 Re8 17. Bc4 Nh5 18. Ng5 Nf6 19. Bxf7+ Kh8 20. Qxh7+ Nxh7 21. Rxh7# 1-0


[Site "https://www.chess.com"]

[Event "Titled Tuesday Blitz December 20 Late 2022"]
[White "UnknownMagician"]
[Black "Bryakin, Mikhail"]
[BlackFideId "4165314"]
[WhiteElo "2643"]
[BlackElo "2391"]
[Result "0-1"]
[Round "08"]
[TimeControl "180+1"]
[Date "2022.12.21"]
[WhiteClock "0:00:07"]
[BlackClock "0:00:33"]

1. c4 g6 2. g3 Bg7 3. Bg2 c6 4. Nc3 Nf6 5. Nf3 O-O 6. O-O d5 7. cxd5 cxd5 8. d4 Nc6 9. Ne5 e6 10. Nxc6 bxc6 11. Bf4 Qa5 12. a3 Ba6 13. b4 Qb6 14. Na4 Qd8 15. Nc5 Bc4 16. Re1 Nd7 17. Bd6 Re8 18. e3 Nxc5 19. bxc5 Qa5 20. Bf1 Bxf1 21. Rxf1 Bf8 22. Bf4 Bg7 23. Bd6 e5 24. dxe5 Bxe5 25. Bxe5 Rxe5 26. Qc2 Re4 27. Rfc1 Rc4 28. Qb3 Rxc5 29. Qb4 Qxb4 30. axb4 Rxc1+ 31. Rxc1 Rb8 32. Rxc6 Rxb4 33. Ra6 Rb7 34. Rd6 a5 35. Rxd5 Ra7 36. Kf1 a4 37. Ke2 a3 38. Rd1 f5 39. Ra1 Kf7 40. Kd3 Ke6 41. e4 Ra4 42. exf5+ gxf5 43. Kc3 Ke5 44. Kb3 Ra7 45. f3 Kd4 46. Ka2 Ke3 47. Rc1 Kxf3 48. Rc4 Kg2 49. Rh4 Kg1 50. Rh5 Kg2 51. Rh4 Kf1 52. Rf4+ Kg1 53. Rh4 Kg2 54. Rh5 Kh1 55. Rh4 Kg1 56. Rh5 Rd7 57. Kxa3 Rd2 58. Rxh7 Rxh2 59. Rh5 Rf2 60. Rg5 Kg2 61. Kb4 Rf3 62. Kc4 Kf2 63. Kd4 Rxg3 64. Rxg3 Kxg3 0-1


[Site "https://www.chess.com"]